 Dungeon Crawl Stone Soup version 0.30.0-5-g1a98f26d00 (webtiles) character file.

Game seed: 1847465292996391134

2 NinjaNoafa the Conjurer (level 1, 0/14 HPs)
             Began as a Ghoul Conjurer on May 10, 2023.
             Slain by a goblin
             ... wielding a +0 club
              (3 damage)
             ... on level 1 of the Dungeon.
             The game lasted 00:00:54 (63 turns).

NinjaNoafa the Conjurer (Ghoul Conjurer)              Turns: 63, Time: 00:00:55

Health: 0/14       AC:  3    Str: 10    XL:     1   Next: 30%
Magic:  0/2        EV: 11    Int: 13    God:
Gold:   7          SH:  0    Dex:  7    Spells: 2/3 levels left

rFire   . . .        (no weapon)
rCold   + . .        (no shield)
rNeg    + + +        c - +0 leather armour
rPois   ∞            (no helmet)
rElec   .            (no cloak)
rCorr   .            (no gloves)
SInv    .            (no boots)
Will    .....        (no amulet)
Stlth   +            (no ring)
HPRegen 0.00/turn    (no ring)
MPRegen 0.08/turn

%: no passive effects
@: very slightly contaminated, inhibited regen
A: claws 1, cold resistance 1, negative energy resistance 3, inhibited
regeneration, torment resistance 2, devour on kill
a: no special abilities


You were on level 1 of the Dungeon.
You visited 1 branch of the dungeon, and saw 1 of its levels.

You collected 7 gold pieces.

Inventory:

Armour
 c - a +0 leather armour (worn)
Scrolls
 a - a scroll of amnesia {unknown}
Potions
 b - a potion of magic


   Skills:
 + Level 0.2 Fighting
 - Level 1.7 Dodging
 - Level 2.1 Stealth
 - Level 1.7 Spellcasting
 - Level 3.3 Conjurations


You had 2 spell levels left.
You knew the following spells:

 Your Spells              Type           Power      Damage    Failure   Level
a - Magic Dart            Conj           36%        1d4       9%          1

Your spell library contained the following spells:

 Spells                   Type           Power      Damage    Failure   Level
 Searing Ray              Conj           18%        2d5       14%         2
 Dazzling Flash           Conj/Hex       10%        N/A       47%         3
 Fulminant Prism          Conj/Hex       2%         3d5       87%         4
 Iskenderun's Mystic Bla  Conj/Tloc      5%         2d3       87%         4


Dungeon Overview and Level Annotations

Branches:
Dungeon (1/15) Zot: 5936

Altars:


Innate Abilities, Weirdness & Mutations

You are immune to poison.
You have sharp fingernails.
Your flesh is cold resistant. (rC+)
You are immune to negative energy. (rN+++)
You do not regenerate when monsters are visible.
You are immune to unholy pain and torment.
You thrive by killing the living.


Message History

You scratch the ball python.
You kill the ball python!
You miss the goblin. The goblin hits you but does no damage.
The goblin hits you with a +0 club.
Aiming: Magic Dart (safe; 9% risk of failure)
Press: ? - help, Q - select action Shift-Dir - straight line, f - goblin
Aim: a goblin, wielding a +0 club (100% to hit)
You miscast Magic Dart.
You are very lightly contaminated with residual magic.
Nothing appears to happen.
The goblin hits you with a +0 club.
* * * LOW HITPOINT WARNING * * *
Unknown command.
Aiming: Magic Dart (safe; 9% risk of failure)
Press: ? - help, Q - select action Shift-Dir - straight line, f/p - goblin
Aim: a goblin, wielding a +0 club (100% to hit)
The magic dart hits the goblin.
The goblin is heavily wounded.
The goblin hits you with a +0 club.
* * * LOW HITPOINT WARNING * * *
You barely miss the goblin.
The goblin is heavily wounded.
The goblin hits you but does no damage.
You closely miss the goblin.
The goblin is heavily wounded.
The goblin barely misses you.
You barely miss the goblin.
The goblin is heavily wounded.
The goblin hits you with a +0 club.
* * * LOW HITPOINT WARNING * * *
You closely miss the goblin.
The goblin is heavily wounded.
The goblin hits you with a +0 club.
* * * LOW HITPOINT WARNING * * *
Unknown command.
Unknown command.
You scratch the goblin but do no damage.
The goblin is heavily wounded.
The goblin hits you with a +0 club.
You die...

.> +.8.<.8.+
...#. #.......#
#.#.#####.8.8.8.#
......##.......#
#.##.#####'####
#..........#
#........†##
#..........####
##.[.....#..@.#
#.......####g##
#.......#
##r.#######.
#######.#
#.l...)...... #.#
#.#...###...# ..#
#.#.......# ###
#....>.####
....##...# .l##.
#...#


You could see a goblin, a frilled lizard and a rat.

Vanquished Creatures
  A bat (D:1)
  A ball python (D:1)
2 creatures vanquished.

Notes
Turn   | Place    | Note
-------+----------+-------------------------------------------
     0 | D:1      | NinjaNoafa the Ghoul Conjurer began the quest for the Orb.
     0 | D:1      | Reached XP level 1. HP: 14/14 MP: 2/2
    63 | D:1      | Slain by a goblin

Illustrated notes

Levels and vault maps discovered:
D:1:      doesnt_arrival_eight_statues, layout_basic,
          dreamdust_ecumenical_altar_grove, roderic_roman_lattice,
          corexii_leaking_fountain

Action                     || total
---------------------------++-------
  Melee: Unarmed           ||     9
   Cast: Magic Dart        ||     3
 Armour: Leather armour    ||     5
         Robe              ||     1
  Dodge: Dodged            ||     8
